[Event "Aktobe Open 2022"]
[Site "Aktobe"]
[Date "2022.06.16"]
[Round "4.7"]
[White "Volkov, Sergey"]
[Black "Ansat, Aldiyar"]
[Result "1-0"]
[ECO "D97"]
[WhiteElo "2510"]
[BlackElo "2314"]
[Annotator "TA"]
[PlyCount "95"]
[EventDate "2022.06.14"]
[EventType "swiss"]
[EventCountry "KAZ"]
[SourceTitle "playchess.com"]
[Source "ChessBase"]
[SourceQuality "1"]
[TimeControl "5400+30"]

1. d4 Nf6 2. c4 g6 3. Nc3 d5 4. Nf3 Bg7 5. Qb3 dxc4 6. Qxc4 O-O 7. e4 Nc6 8. Be2 e5 {[%emt 0:00:04][%cal Re5d4] D97: Grünfeld: Russian System: 7 e4, replies other than 7...Bg4.} 9. d5 (9. Nxe5 Nxd4 10. O-O {[#]} Nxe4 $1 11. Nxe4 Be6 $17) 9... Nd4 10. Nxd4 exd4 {[%emt 0:00:13] White is slightly better.} 11. Qxd4 c6 12. Qc4 b5 13. Qxc6 Bd7 14. Qd6 Re8 15. Bg5 {[%emt 0:00:23] 15.Bg5 has become a bit dusty these days.} b4 16. Qxb4 Nxd5 17. Nxd5 ({Reject} 17. Bxd8 Nxb4 18. Bg5 Nc2+ 19. Kd2 Nxa1 20. Rxa1 Rab8 $17) 17... Qxg5 18. O-O Rab8 19. Qd6 Be6 {[%emt 0:49:33] A strong pair of Bishops.} 20. f4 Qh4 {[%emt 0:08:08] [#]} 21. Rab1 $146 ({Predecessor:} 21. Rad1 Bf8 22. Qa6 Bxd5 23. exd5 Rxb2 24. Bf3 Qxf4 25. d6 Rb6 26. Qxa7 Qe3+ 27. Kh1 Rxd6 28. Qxe3 Rxe3 29. Rxd6 Bxd6 {½-½ (36) Radjabov,T (2734)-Aronian,L (2797) Beijing 2014}) 21... Rbd8 22. Qa6 Bxd5 23. exd5 Rxd5 24. Qc6 Qd8 25. Bc4 Rc5 26. Qa4 ({Don't blunder} 26. Bxf7+ $2 Kxf7 27. Qb7+ Re7 $19) 26... Qd4+ (26... Re7 $11 27. Kh1 Qc7) 27. Kh1 $14 Re7 28. b3 Bf6 29. Rbd1 Qc3 30. Rc1 (30. Rd3 $5 Qa5 31. Qxa5 Rxa5 32. a4 $16) 30... Qa5 31. Qxa5 Rxa5 32. a4 a6 {[%emt 0:01:21] Inhibits Bb5.} (32... Rh5 $16 {was called for.}) 33. Rcd1 $18 Re3 34. Rd6 Be7 35. Rc6 ({Don't play} 35. Rxa6 $6 Rxa6 36. Bxa6 Rxb3 $14) 35... Kg7 36. g3 Rh5 37. Rxa6 (37. Kg2 $18) 37... Rxg3 $16 38. Ra7 Bc5 39. Rxf7+ Kh6 40. Rd7 {[%emt 0:06:46] Bg8 is the strong threat.} Rgh3 41. Rd2 R5h4 $2 {[%emt 0:00:26] This costs Black the game.} (41... Bb4 $16 42. Ra2 Ba5) 42. a5 $18 Be3 43. Ra2 Bxf4 $2 {[%emt 0:00:46] [#]} (43... Ba7 44. a6 Re3) 44. Rxf4 $1 {[%emt 0:03:58][%mdl 512] White is clearly winning.} Rxf4 45. a6 Re3 46. a7 Re1+ 47. Kg2 Ree4 (47... Rf8 $142 48. a8=Q Rxa8 49. Rxa8 Kg5) 48. a8=Q {[%emt 0:01:06] Weighted Error Value: White=0.03 (flawless) /Black=0.20 (precise)} 1-0

[Event "Aktobe Open 2022"]
[Site "Aktobe"]
[Date "2022.06.16"]
[Round "4.8"]
[White "Urazayev, Arystanbek"]
[Black "Serikbay, Assel"]
[Result "1-0"]
[ECO "D85"]
[WhiteElo "2445"]
[BlackElo "2238"]
[Annotator "TA"]
[PlyCount "75"]
[EventDate "2022.06.14"]
[EventType "swiss"]
[EventCountry "KAZ"]
[SourceTitle "playchess.com"]
[Source "ChessBase"]
[SourceQuality "1"]
[TimeControl "5400+30"]

1. d4 Nf6 2. c4 g6 3. Nc3 d5 4. Nf3 Bg7 5. cxd5 Nxd5 6. e4 Nxc3 7. bxc3 c5 8. Bb5+ Nc6 9. O-O O-O 10. Bxc6 $1 {[%emt 0:00:04][%mdl 4] is recently more successful than 10.Be3.} bxc6 11. Qc2 {[%emt 0:00:07] D85: Exchange Grünfeld: Unusual White 7th moves and lines with 7 Nf3.} cxd4 12. cxd4 Bg4 13. Ne5 {[%emt 0:00:13] The position is equal.} Qxd4 14. Bb2 Qb6 15. Rab1 Bxe5 16. Bxe5 Qa5 17. Bc3 Qc5 18. Qb2 a5 19. Rfc1 Qd6 20. Be5 {[%emt 0:00:49] [#]} Qd3 $146 ({Predecessor:} 20... Qd7 21. Qc3 Rfd8 22. Qxc6 Rac8 23. Qxd7 Rxc1+ 24. Rxc1 Bxd7 25. Bc7 Rc8 26. Bf4 Rxc1+ 27. Bxc1 f6 28. f3 Kf7 29. a4 Bxa4 30. Bd2 Bb5 {½-½ (30) Andreikin,D (2724)-Shankland,S (2708) Belgrade 2022}) 21. f3 Be6 22. Qf2 Rfd8 23. Qc5 Bxa2 24. Ra1 Qe2 {[%emt 0:18:25] [#] ( -> ...Rd2)} 25. Re1 Qc4 26. Qxe7 {[%emt 0:01:35] Strongly threatening Qf6.} Qe6 $132 {[%emt 0:00:08][%mdl 2048] Black is fighting back} 27. Qg5 {[%emt 0:05:15][%cal Oa1a2] Hoping for Rxa2!} h6 $1 28. Qf4 {[%emt 0:02:20][%cal Oa1a2] [#] Black must now prevent Rxa2!} g5 29. Qg3 Rd2 (29... a4 $11 {remains equal.}) 30. h4 ({White should try} 30. f4 $16) 30... f6 31. Bc3 Rc2 32. hxg5 hxg5 33. Re3 Kf7 $2 (33... Qe7 $1 $11 {and Black is okay.}) 34. Qc7+ $2 (34. Rd3 $18) 34... Qe7 $11 35. Qxc6 {[%emt 0:01:39] And now Rxa2 would win.} Ra7 $2 ({Don't do} 35... Rh8 36. e5 (36. Qa4 Qa7 $11) 36... Qe6 37. Qxe6+ Bxe6 38. exf6 $16) (35... Be6 $11 36. Qxa8 Qc5) 36. Qa4 $1 $18 Qc5 37. Bd4 {[%emt 0:01:24] Dancing on a razor blade.} ({Weaker is} 37. Qxc2 Qxe3+ 38. Qf2 Qxf2+ 39. Kxf2 Be6 $14) 37... Rc1+ (37... Qc7 38. Bxa7 Qxa7 39. Qxc2 Qxe3+ 40. Qf2 Qxf2+ 41. Kxf2 Be6 42. Rxa5 Kg7) 38. Re1 {[%emt 0:01:05] Weighted Error Value: White=0.17 (very precise) /Black=0.51} 1-0

[Event "Aktobe Open 2022"]
[Site "Aktobe"]
[Date "2022.06.16"]
[Round "4.9"]
[White "Averin, Nikolay"]
[Black "Katenov, Aibek"]
[Result "1-0"]
[ECO "B19"]
[WhiteElo "2427"]
[BlackElo "2161"]
[Annotator "TA"]
[PlyCount "51"]
[EventDate "2022.06.14"]
[EventType "swiss"]
[EventCountry "KAZ"]
[SourceTitle "playchess.com"]
[Source "ChessBase"]
[SourceQuality "1"]
[TimeControl "5400+30"]

1. e4 c6 2. d4 d5 3. Nd2 dxe4 4. Nxe4 Bf5 5. Ng3 Bg6 6. h4 h6 7. h5 Bh7 8. Nf3 Nd7 9. Bd3 Bxd3 10. Qxd3 e6 11. Bd2 Ngf6 12. O-O-O Be7 13. Ne4 Nxe4 14. Qxe4 Nf6 {[%emt 0:00:00] Inhibits Qg4. B19: Classical Caro-Kann: 4...Bf5 main line.} 15. Qd3 O-O 16. g4 Nxg4 {[%emt 0:00:00] The position is equal.} 17. Rhg1 $1 Nxf2 18. Qe2 {[%emt 0:01:29][%cal Od2h6] [#] aiming for Bxh6!} Nxd1 19. Bxh6 $1 Bf6 {[%emt 0:00:00][%cal Og8h8] Strongly threatening ...Kh8!} 20. Bxg7 Bxg7 21. h6 $1 $40 {[%emt 0:00:08][%mdl 192] Pin. White has some attack.} Qf6 22. hxg7 {[%emt 0:10:32] [#]} ({Better is} 22. Rxg7+ $11 Kh8 23. Ng5 Qf4+ 24. Kxd1) 22... Qf4+ $146 {[%emt 0:00:00][%mdl 8192] [#] This costs Black the game.} (22... Qh6+ $1 $15 {stays ahead.} 23. Kb1 Rfd8 24. Qxd1 Rd5) ({Predecessor:} 22... Qh6+ 23. Kb1 Rfd8 24. Rxd1 Rd5 25. Ne5 Rad8 26. a3 Rxd4 27. Rg1 f5 28. Ng6 Rd1+ 29. Rxd1 Rxd1+ 30. Qxd1 Qxg6 {0-1 (45) Horvath,A (2532)-Michalik,P (2565) Meissen 2013}) 23. Nd2 $1 $18 {[%emt 0:03:15] Threatening mate with Qh5.} Nxb2 (23... Qh4 $18 24. gxf8=N+ Kxf8) 24. Qh5 {[%emt 0:04:26][%csl Gg7][%cal Rh5h8] White mates.} f5 25. gxf8=R+ Kxf8 26. Qh7 {[%emt 0:00:51] Weighted Error Value: White=0.08 (flawless) /Black=1.71} (26. Qh8+ $142 Ke7 27. Rg7+ Kd6 28. Qxa8 Qxd4 29. Qd8+ Ke5 30. Nf3+ Ke4 31. Qxd4+ Kxf3 32. Qe5) 1-0

[Event "Aktobe Open 2022"]
[Site "Aktobe"]
[Date "2022.06.17"]
[Round "5.1"]
[White "Agmanov, Zhandos"]
[Black "Utegaliyev, Azamat"]
[Result "1/2-1/2"]
[ECO "B29"]
[WhiteElo "2420"]
[BlackElo "2463"]
[Annotator "TA"]
[PlyCount "34"]
[EventDate "2022.06.14"]
[EventType "swiss"]
[EventCountry "KAZ"]
[SourceTitle "playchess.com"]
[Source "ChessBase"]
[SourceQuality "1"]
[TimeControl "5400+30"]

1. e4 c5 2. Nf3 Nf6 3. e5 Nd5 4. Nc3 Nxc3 5. dxc3 Nc6 6. Bc4 e6 7. Bf4 Qb6 {[%emt 0:00:24] B29: Sicilian: 2 Nf3 Nf6 (Nimzowitsch Variation).} 8. Rb1 Qc7 9. Qd2 h6 10. h4 b6 {[%emt 0:00:26] [#]} 11. Rd1 $146 ({Predecessor:} 11. a4 Bb7 12. h5 O-O-O 13. Rd1 Be7 14. Rh3 Rdg8 15. Qe2 g5 16. hxg6 fxg6 17. Rxh6 Rxh6 18. Bxh6 {0-1 (35) Navara,D (2682)-Rakhmanov,A (2640) Chess.com INT 2022}) 11... Bb7 12. h5 O-O-O 13. Bg3 Ne7 14. Bd3 Rg8 {[%emt 0:16:24] The position is equal.} 15. Bh7 Rh8 16. Bd3 Rg8 17. Bh7 Rh8 {[%emt 0:00:05] Weighted Error Value: White=0.07 (flawless) /Black=0.04 (flawless)} 1/2-1/2

[Event "Aktobe Open 2022"]
[Site "Aktobe"]
[Date "2022.06.17"]
[Round "5.3"]
[White "Nogerbek, Kazybek"]
[Black "Rychagov, Andrey"]
[Result "1/2-1/2"]
[ECO "D37"]
[WhiteElo "2424"]
[BlackElo "2549"]
[Annotator "TA"]
[PlyCount "42"]
[EventDate "2022.06.14"]
[EventType "swiss"]
[EventCountry "KAZ"]
[SourceTitle "playchess.com"]
[Source "ChessBase"]
[SourceQuality "1"]
[TimeControl "5400+30"]

1. d4 d5 2. c4 e6 3. Nf3 Nf6 4. Nc3 Be7 5. Bf4 O-O 6. e3 Nbd7 7. a3 {[%emt 0:00:16] D37: Queen's Gambit Declined: 5 Bf4.} c5 (7... c6 {keeps more tension.} 8. cxd5 Nxd5 9. Nxd5 exd5 10. Bd3 c5) 8. cxd5 Nxd5 9. Nxd5 {[%emt 0:00:10] The position is equal.} exd5 10. dxc5 $1 Nxc5 11. Be5 Bf6 12. Bxf6 Qxf6 13. Qd4 Qxd4 14. Nxd4 Bd7 15. Be2 {[%emt 0:01:36] [#]  Weighted Error Value: White=0.00 (flawless) /Black=0.03 (flawless)} {Predecessor:} Rac8 $146 16. b4 Ne4 17. O-O Rc7 18. Rfc1 Rfc8 19. Rxc7 Rxc7 20. Kf1 Kf8 21. Ke1 Ke7 {1-0 (67) Nyzhnyk,I (2616)-Moradiabadi,E (2580) Kenner 2016} 1/2-1/2

[Event "Aktobe Open 2022"]
[Site "Aktobe"]
[Date "2022.06.17"]
[Round "5.4"]
[White "Sadubayev, Airat"]
[Black "Volkov, Sergey"]
[Result "1/2-1/2"]
[ECO "C06"]
[WhiteElo "2317"]
[BlackElo "2510"]
[Annotator "TA"]
[PlyCount "84"]
[EventDate "2022.06.14"]
[EventType "swiss"]
[EventCountry "KAZ"]
[SourceTitle "playchess.com"]
[Source "ChessBase"]
[SourceQuality "1"]
[TimeControl "5400+30"]

1. e4 e6 2. d4 d5 3. Nd2 Nf6 4. e5 Nfd7 5. Bd3 c5 6. c3 Nc6 7. Ne2 cxd4 8. cxd4 f6 9. exf6 Nxf6 10. O-O Bd6 11. Nf3 O-O 12. Bf4 Bxf4 13. Nxf4 Ng4 14. Qd2 Qf6 {[%emt 0:00:34][%csl LRd4,LRf4] C06: French Tarrasch: 3...Nf6 4 e5 Nfd7 5 Bd3 main lines.} 15. Nh5 $1 {[%emt 0:00:31][%cal Bf4h5,Bh5g3,Bg3f1,Bf1e3][%mdl 32] The main line 15.Nh5 scores better than 15.Ne2.} Qh6 16. Qxh6 Nxh6 {[%emt 0:00:03] White has an edge.} 17. Rac1 g6 18. Ng3 a6 19. Rfe1 Nf7 20. Nf1 Bd7 21. Ne3 Kg7 22. a3 {[%emt 0:03:36] [#]} Rac8 $146 ({Predecessor:} 22... h5 23. h4 Rad8 24. Rc5 Rfe8 25. Nc2 Rc8 26. Kf1 Kf6 27. Nb4 b6 28. Rcc1 Nxb4 29. axb4 {½-½ (42) Vokhidov,S (2446)-Volkov,S (2568) St Petersburg 2018}) 23. Rc3 {[%emt 0:19:43] The position is equal.} Na7 24. Rec1 Rxc3 25. Rxc3 {[%emt 0:00:13] Hoping for Rc7.} Rc8 {[%emt 0:02:21] Inhibits Rc7.} 26. Rxc8 Nxc8 27. Nd1 Kf6 28. Ne3 Ncd6 29. Kf1 Bb5 30. Ke2 Bxd3+ 31. Kxd3 $11 {[%emt 0:00:11][%mdl 4096] Endgame KNN-KNN} h5 32. h4 b5 33. b3 {[%emt 0:03:46] Against Nc4} a5 34. g3 Ne4 35. Ke2 Ned6 36. Kd3 g5 37. hxg5+ Nxg5 38. Ne5 Nge4 39. Nd1 a4 40. bxa4 bxa4 41. Nd7+ Ke7 42. Nb6 Nb5 {[%emt 0:00:13] Weighted Error Value: White=0.02 (flawless) /Black=0.01 (flawless)} 1/2-1/2

[Event "Aktobe Open 2022"]
[Site "Aktobe"]
[Date "2022.06.17"]
[Round "5.5"]
[White "Vakhidov, Jakhongir"]
[Black "Averin, Nikolay"]
[Result "1-0"]
[ECO "E65"]
[WhiteElo "2552"]
[BlackElo "2427"]
[Annotator "TA"]
[PlyCount "73"]
[EventDate "2022.06.14"]
[EventType "swiss"]
[EventCountry "KAZ"]
[SourceTitle "playchess.com"]
[Source "ChessBase"]
[SourceQuality "1"]
[TimeControl "5400+30"]

1. c4 c5 2. g3 Nc6 3. Bg2 g6 4. Nc3 Bg7 5. Nf3 Nf6 6. d4 cxd4 7. Nxd4 O-O 8. O-O d6 9. Nxc6 bxc6 10. Bxc6 Rb8 11. Bg2 Qa5 12. Nb5 {[%emt 0:05:36] 12.Qd2 might become the main line. E65: King's Indian: Fianchetto: 6...c5 7 0-0 without d5 by White.} Bd7 13. Bd2 Qb6 14. Be3 {[%emt 0:06:42] White is better.} Qa5 15. a3 $1 {[%emt 0:07:28] [#]} Ng4 $146 {[%emt 0:40:53] [#]} ({Predecessor:} 15... a6 16. b4 Qd8 17. Nc3 Rc8 18. Rc1 Rxc4 19. Qd3 Be6 20. Nd5 Nxd5 21. Bxd5 Rxc1 22. Rxc1 {1-0 (36) Gutman,L (2454)-Solodovnichenko,Y (2578) Werther 2010}) 16. Bd4 Bxd4 17. Qxd4 Rfc8 18. Rfc1 {[%emt 0:13:12] White is more active.} Ne5 19. Nxa7 Qc5 (19... Rc7 $16) 20. Qxc5 $18 Rxc5 21. f4 Ng4 (21... Nxc4 $2 22. b4 Rc7 {[#]} 23. Nc6 $1 Rxc6 24. Bxc6 Bxc6 25. Rxc4 $18) 22. b4 Rc7 23. Nb5 Rcc8 24. Bf3 d5 25. Bxd5 Ne3 26. Nd4 e6 27. Bf3 e5 (27... Nxc4 $142 28. Nb3 Be8) 28. fxe5 Rxc4 29. Kf2 Ng4+ 30. Bxg4 Rxc1 (30... Rxd4 $142 31. Bf3 Ba4) 31. Rxc1 Bxg4 {[%emt 0:00:01][%mdl 4096] Endgame KRB-KRN} 32. b5 Kg7 33. Rc7 Kf8 34. a4 {[%emt 0:00:17] And now a5 would win.} Ke8 35. e6 Bxe6 36. Nxe6 {[%emt 0:00:07] Nd4 is the strong threat.} fxe6 37. Rxh7 {[%emt 0:00:17] White took control after the opening.  Weighted Error Value: White=0.06 (flawless) /Black=0.70} 1-0

[Event "Aktobe Open 2022"]
[Site "Aktobe"]
[Date "2022.06.17"]
[Round "5.6"]
[White "Nesterov, Arseniy"]
[Black "Moisseyenko, Ilya"]
[Result "1-0"]
[ECO "D15"]
[WhiteElo "2569"]
[BlackElo "2291"]
[Annotator "TA"]
[PlyCount "89"]
[EventDate "2022.06.14"]
[EventType "swiss"]
[EventCountry "KAZ"]
[SourceTitle "playchess.com"]
[Source "ChessBase"]
[SourceQuality "1"]
[TimeControl "5400+30"]

1. d4 d5 2. c4 c6 3. Nf3 Nf6 4. Nc3 a6 5. e3 Bf5 6. Be2 {[%emt 0:02:34] D15: Slav Defence: 4 Nc3 a6 and gambit lines after 4 Nc3 dxc4.} h6 7. Bd3 Bxd3 8. Qxd3 {[%emt 0:00:02] White has an edge.} e6 9. O-O Bb4 10. Bd2 {[%emt 0:00:52][%cal Oc3d5] With the idea Nxd5!} O-O {[%emt 0:00:11] [#]} 11. Rfb1 $146 ({Predecessor:} 11. Rfd1 Ba5 12. Rab1 Nbd7 13. b4 Bc7 14. e4 Nb6 15. cxd5 cxd5 16. e5 Nfd7 17. Ne2 {0-1 (42) Tomashevsky,E (2713)-Fedoseev,V (2718) St Petersburg 2017}) 11... Bxc3 (11... Nbd7 12. Nxd5 $1 exd5 13. Bxb4 $16) 12. Bxc3 Ne4 13. a4 Nd7 14. Nd2 f5 15. f3 (15. b3 {feels hotter.} Qc7 16. Rf1 Rf7 17. Rac1) 15... Nxd2 16. Bxd2 Rf7 17. Be1 Qg5 18. Ra3 Nb6 19. c5 Nd7 20. Bg3 (20. Qb3 $5 Nf8 21. Bg3 $14) 20... Re8 ({Better is} 20... e5 $11) 21. Bd6 Qh5 22. Rb3 e5 23. Qc3 (23. Rxb7 Nxc5 24. Bxc5 Rxb7 $11) (23. Qd2 $14) 23... e4 24. fxe4 (24. Rxb7 exf3 25. gxf3 Ne5 26. Bxe5 Rxb7 $17) (24. f4 $5 ) 24... Nf6 $1 25. e5 Ne4 26. Qc1 Re6 27. Qd1 $1 $36 {[%emt 0:00:19][%mdl 2048] Against Qe2. Black is under pressure.} Qh4 28. Qe2 {[%emt 0:03:54] Prevents Qf2+.} g5 (28... f4 $11 29. exf4 Rxf4) 29. Rf1 $16 Rg6 30. Rd3 f4 {[%emt 0:04:36][%cal Oe4g3] White must now prevent ...Ng3!} 31. Rf3 {[%emt 0:01:25] Against Ng3} g4 {[%emt 0:01:59] Against Rh3. This costs Black the game.} (31... Qg4 $16) 32. Rxf4 $18 Rxf4 33. exf4 {[%emt 0:00:01] aiming for f5.} g3 34. hxg3 ({And not} 34. Rxg3 Rxg3 35. hxg3 Nxg3 $11) 34... Rxg3 {[%emt 0:01:45] [#]} 35. e6 $1 Rxd3 36. Qxd3 {[%emt 0:00:26] Qe3 is the strong threat. Chess con chili.} Nxd6 $2 (36... h5 $18 37. Qe3 Qg4) 37. Qg6+ {[%emt 0:01:23] White mates.} ({Weaker is} 37. cxd6 Qe1+ 38. Kh2 Qxe6 $16) 37... Kh8 38. g3 ({Not} 38. cxd6 Qe1+ 39. Kh2 Qh4+ 40. Kg1 Qe1+ 41. Kh2 Qh4+ 42. Kg1 $11) 38... Qd8 39. cxd6 {[%emt 0:00:07] KQ-KQ} Qa5 40. Qxh6+ Kg8 41. Qg5+ Kh7 42. Qh5+ Kg8 43. Qe2 Qxa4 44. e7 Qxd4+ 45. Kg2 {[%emt 0:00:05] Weighted Error Value: White=0.05 (flawless) /Black=0.27 (precise)} 1-0

[Event "Aktobe Open 2022"]
[Site "Aktobe"]
[Date "2022.06.17"]
[Round "5.7"]
[White "Sivuk, Vitaly"]
[Black "Borisova, Ekaterina"]
[Result "1-0"]
[ECO "D87"]
[WhiteElo "2529"]
[BlackElo "2248"]
[Annotator "TA"]
[PlyCount "77"]
[EventDate "2022.06.14"]
[EventType "swiss"]
[EventCountry "KAZ"]
[SourceTitle "playchess.com"]
[Source "ChessBase"]
[SourceQuality "1"]
[TimeControl "5400+30"]

1. d4 Nf6 2. c4 g6 3. Nc3 d5 4. cxd5 Nxd5 5. e4 Nxc3 6. bxc3 Bg7 7. Bc4 c5 8. Ne2 O-O 9. Be3 Nc6 10. O-O b6 11. Rc1 {[%emt 0:04:53] D87: Exchange Grünfeld: Classical Line: Variations without ...cxd4.} Bb7 12. Qd2 {[%emt 0:00:15] 12.Bb5 is the modern continuation.} e6 13. f3 {[%emt 0:12:39] The position is equal.} Rc8 14. h4 cxd4 (14... Qxh4 $2 15. Bg5 Qh5 16. Ng3 Qxg5 17. Qxg5 $18) 15. cxd4 {[%emt 0:00:07][%cal Oh4h5] [#]} Na5 $146 (15... Qxh4 $2 16. Bg5 Qh5 17. Ng3 Bxd4+ 18. Rf2 Qxg5 19. Qxg5 $18) ({Predecessor:} 15... Qd6 16. h5 Rfd8 17. Rfd1 Na5 18. Bd3 Nc6 19. e5 Qb4 20. Be4 Qxd2 21. Rxd2 Na5 22. Bxb7 Rxc1+ 23. Nxc1 Nxb7 {½-½ (41) Gukesh,D (2599)-Svidler,P (2701) Struga 2021}) 16. Bd3 Qd7 17. h5 Rxc1 18. Rxc1 Rc8 19. h6 Bf8 20. Kf2 Rxc1 21. Qxc1 f6 22. Qc3 Kf7 23. g4 Qc6 24. g5 Qxc3 25. Nxc3 f5 (25... fxg5 $11 26. Bxg5 Nc6) 26. d5 $14 {[%emt 0:07:53] [#] aiming for dxe6+.} fxe4 27. dxe6+ Kxe6 28. Nxe4 Be7 {[%emt 0:02:55] [#]} ({Black should try} 28... Kf7 $14) 29. f4 $1 $16 {[%emt 0:00:56] White is more active.} Bd5 $2 {[%emt 0:05:54][%mdl 8192] Black cannot hold the game after this.} (29... Kf7 $16) 30. Nc3 $18 Bb4 31. f5+ gxf5 32. Nxd5 {[%emt 0:00:09][%mdl 64] Deflection} Kxd5 33. Bxf5 {[%emt 0:00:05][%mdl 4096] Endgame KBB-KBN} Nc4 34. Bf4 Ne5 35. Bxh7 {[%emt 0:00:17] A strong pair of Bishops.} Ng4+ 36. Kg3 {[%emt 0:00:25] White mates.} Nxh6 37. gxh6 Bc3 38. Kg4 a5 39. Kf5 {[%emt 0:00:12] Weighted Error Value: White=0.05 (flawless) /Black=0.60} 1-0

[Event "Aktobe Open 2022"]
[Site "Aktobe"]
[Date "2022.06.17"]
[Round "5.8"]
[White "Vokhidov, Shamsiddin"]
[Black "Bekturov, Tamerlan"]
[Result "1-0"]
[ECO "B15"]
[WhiteElo "2536"]
[BlackElo "2241"]
[Annotator "RC"]
[PlyCount "43"]
[EventDate "2022.06.14"]
[EventType "swiss"]
[EventCountry "KAZ"]
[SourceTitle "playchess.com"]
[Source "ChessBase"]
[SourceQuality "1"]
[TimeControl "5400+30"]

1. e4 c6 2. d4 d5 3. Nc3 dxe4 4. Nxe4 Nf6 5. Nxf6+ exf6 6. c3 Bd6 7. Bd3 Na6 8. Qc2 Nc7 9. Ne2 h5 10. Bd2 Kf8 11. c4 b5 12. c5 Be7 13. Ba5 Be6 14. a4 b4 15. Nf4 Qd7 16. Bxc7 Qxc7 17. Nxe6+ fxe6 18. Bc4 Qf4 19. Bxe6 Qxd4 20. O-O Rh6 21. Rac1 Re8 22. Ba2 1-0

[Event "Aktobe Open 2022"]
[Site "Aktobe"]
[Date "2022.06.17"]
[Round "5.9"]
[White "Dauletova, Gulmira"]
[Black "Aitbayev, Aslan"]
[Result "1-0"]
[ECO "C73"]
[WhiteElo "2220"]
[BlackElo "2420"]
[Annotator "TA"]
[PlyCount "91"]
[EventDate "2022.06.14"]
[EventType "swiss"]
[EventCountry "KAZ"]
[SourceTitle "playchess.com"]
[Source "ChessBase"]
[SourceQuality "1"]
[TimeControl "5400+30"]

1. e4 e5 2. Nf3 Nc6 3. Bb5 a6 4. Ba4 d6 5. Bxc6+ bxc6 6. d4 exd4 7. Nxd4 c5 8. Nf3 {[%emt 0:00:21] Recently 8.Nc6 got a lot of attention. C73: Ruy Lopez: Deferred Steinitz: 5 Bxc6+.} Bb7 9. Nc3 Ne7 10. O-O {[%emt 0:11:57] [#] The position is equal.} Ng6 $146 ({Predecessor:} 10... Qd7 11. b3 g6 12. Nd5 Bg7 13. Rb1 O-O 14. c4 f5 15. Bg5 Nxd5 16. exd5 f4 {0-1 (35) Wallis,I (2110)-Srebrnic,A (2189) England 2017}) 11. Bg5 Qd7 12. Nd5 h6 13. Bd2 Be7 14. Bc3 O-O 15. Qd2 Qg4 (15... Rae8 $15 {might be stronger.}) 16. Rfe1 $11 Bxd5 17. h3 Qxe4 18. Rxe4 Bxe4 19. Qd1 Rfe8 20. a3 Nf4 21. Bd2 Ne6 22. Bc3 d5 23. Nd2 Bg6 24. Be5 Bd6 25. Bxd6 cxd6 26. c4 (26. c3 $14) 26... d4 27. Qg4 Rab8 28. b3 d3 29. Qg3 Nd4 {[%emt 0:05:00] [#] And now ...Ne2+ would win.} 30. Qxd6 Nxb3 31. Rd1 Nxd2 32. Rxd2 Rb1+ 33. Kh2 Re2 (33... Rbe1 $15 {stays ahead.} 34. Kg3 R1e2) 34. Rxd3 $16 {[%emt 0:00:37] [#] Strongly threatening Rd2.} Bxd3 {[%emt 0:00:06][%mdl 8192] Black cannot hold the game after this.} (34... Rxf2 $16 {prevents the worst.} 35. Rd2 (35. Qxc5 Rbb2 $11) 35... Rxd2 36. Qxd2 Rb3) 35. Qd8+ $18 Re8 36. Qxe8+ {[%emt 0:00:03][%mdl 4096] Endgame KQ-KRB} Kh7 37. Qxf7 Ra1 38. Qd5 Rxa3 39. Qxc5 Ra2 40. Qd4 Bg6 41. c5 Rc2 42. f4 a5 43. Qd5 {[%emt 0:00:44] Black must now prevent f5.} a4 44. f5 Bh5 45. f6 {[%emt 0:00:16] Intending Qd3+ and mate.} Bg6 46. Qb7 {[%emt 0:00:35] Weighted Error Value: White=0.10 (very precise) /Black=0.69} 1-0

[Event "Aktobe Open 2022"]
[Site "Aktobe"]
[Date "2022.06.17"]
[Round "5.10"]
[White "Kostenko, Petr"]
[Black "Balmagambetov, Timur"]
[Result "1/2-1/2"]
[ECO "B27"]
[WhiteElo "2416"]
[BlackElo "1957"]
[Annotator "TA"]
[PlyCount "51"]
[EventDate "2022.06.14"]
[EventType "swiss"]
[EventCountry "KAZ"]
[SourceTitle "playchess.com"]
[Source "ChessBase"]
[SourceQuality "1"]
[TimeControl "5400+30"]

1. e4 c5 2. Nf3 g6 3. c3 d5 4. e5 Nc6 5. d4 Bg7 6. Bb5 cxd4 7. cxd4 Nh6 8. O-O O-O 9. Nc3 Bg4 10. Bxc6 {[%emt 0:00:39] B27: Sicilian: 2 Nf3, unusual Black 2nd moves.} bxc6 11. h3 Bxf3 12. Qxf3 Nf5 13. Qd3 e6 14. Na4 f6 {[%emt 0:00:32] [#]} 15. Qc3 $146 (15. Nc5 $5 ) ({Predecessor:} 15. Nc5 Qe7 16. exf6 Bxf6 17. Nb3 e5 18. dxe5 Bxe5 19. f4 Bc7 20. Bd2 Bb6+ 21. Kh2 {0-1 (33) Darmanin,J (2058)-Constantinou,P (2057) Andorra 2017}) 15... fxe5 16. dxe5 Qh4 17. g4 $2 {[%emt 0:02:38][%mdl 8192] [#]} (17. Nc5 $11 Nd4 18. g3 Ne2+ 19. Kg2) 17... Nd4 $1 $19 18. Qxd4 {[%emt 0:01:42] And now Kg2 would win.} Rf3 $1 19. Re1 Raf8 20. Be3 Qxh3 $2 (20... Rxh3 $19 {is more deadly. ( -> ...Rh1+)} 21. Kf1 Bxe5 $1 ) 21. Nc5 $17 {[%emt 0:01:08] [#]} Rg3+ 22. fxg3 $11 {[%emt 0:00:06] The position is equal.} Qxg3+ 23. Kh1 Qh3+ 24. Kg1 Qg3+ 25. Kh1 Qh3+ 26. Kg1 {[%emt 0:00:03] Weighted Error Value: White=1.47/Black=0.71} 1/2-1/2